Unix NetHack Version 3.7.0-89 Work-in-progress - last build Sep 7 2023 15:16:41 (8494bff02b67719303c47e298deaa89034127798,branch:master). Game began 2023-09-22 17:31:43, ended 2023-09-23 07:23:49. spontiff, neutral male gnomish Healer ---- |@.| ------------ ------ |dd-- ---.--.|.|.|.-- |.*.>| ----- --..--- |.............| --...| |...-- --e...| |.............| ---........-----..-- |....|--..--.---- ---....--.....--- --..................| --..---..--|....--------..--|.......| .............------..-- --.....-- ----......| ---- |.|.....-- ......0.......------..| ----..| ---....--------.|-.....| ....................---- |..| --.....|.|.....||....-- ...----.....|...--....| |.-| |..........-----|....| -.....|-..|----.-- ---|..| |-.........--- ------ -.......------ |...---.--..--- |......*.....-- |.[...--- --.....*.....| ----.............-- --.....| |...........| |.................--- .......| ---.......--|...................| .....--- --.......|--...........--.....-- -.- --.---.-- ---....%....|---....| --- --- |.<.......| |...-- --.|..--.-- ----- --------- Spontiff the Rhizotomist St:10 Dx:9 Co:14 In:11 Wi:15 Ch:17 Neutral S:726 Dlvl:5 $:2403 HP:0(48) Pw:4(6) AC:4 Xp:1/0 T:4212 Latest messages: With great effort you move the boulder. The giant rat misses! The giant rat bites! You see here a studded leather armor. The giant rat bites! The giant rat misses! The jackal bites! The jackal bites! You are carrying too much to get through. #oh ffs really now: unknown extended command. The jackal bites! The jackal bites! The jackal bites! What do you want to zap? [DJKSYZ or ?*] S In what direction? j The sleep ray hits the jackal. The jackal misses! You already found a monster. Use 'm' prefix to force another search. You already found a monster. The jackal bites! The jackal bites! The giant rat bites! You hear crashing rock. The giant rat bites! The giant bat bites! The giant bat bites! In what direction? . You feel better. The giant bat bites! The giant bat bites! The giant bat bites! The giant rat bites! The giant rat bites! The kobold lady misses! The gecko bites! The kobold lady hits! Where do you want to travel to? (For instructions type a '?') #...: unknown extended command. The coyote bites! The coyote misses! The coyote bites! The coyote bites! #well great: unknown extended command. What do you want to zap? [DJKSYZ or ?*] Y In what direction? . You bash yourself! You die... Do you want your possessions identified? [ynq] (y) y Do you want to see the dungeon overview? [ynq] (y) y Inventory: Coins $ - 2403 gold pieces Weapons W - a cursed -2 dart Armor H - an uncursed +0 helm of caution h - an uncursed +0 orcish helm (being worn) g - an uncursed +1 pair of leather gloves (being worn) v - an uncursed +0 pair of jumping boots (being worn) q - an uncursed +0 dwarvish cloak (being worn) Q - an uncursed +0 dwarvish cloak u - an uncursed +0 T-shirt with text "I'm not wearing any pants" d - an uncursed +0 leather armor (being worn) Comestibles y - an uncursed apple n - 3 uncursed food rations p - 3 uncursed tripe rations Scrolls M - an uncursed scroll of genocide N - 2 uncursed scrolls of gold detection i - 2 blessed scrolls of identify I - 3 uncursed scrolls of identify Spellbooks x - an uncursed spellbook of detect monsters Potions j - an uncursed potion of booze c - a blessed potion of healing B - a cursed potion of oil w - an uncursed potion of paralysis Rings R - an uncursed ring of fire resistance L - an uncursed ring of warning Wands Z - an uncursed wand of cancellation (0:8) D - an uncursed wand of secret door detection (0:14) S - an uncursed wand of sleep (0:6) K - an uncursed wand of speed monster (0:5) Y - an uncursed wand of striking (0:7) J - an uncursed wand of undead turning (0:7) Tools k - an uncursed lock pick m - an uncursed magic marker (0:68) s - an uncursed stethoscope o - an uncursed tin whistle Gems/Stones f - an uncursed amber stone G - an uncursed amethyst stone P - an uncursed worthless piece of blue glass A - an uncursed worthless piece of green glass z - an uncursed worthless piece of orange glass E - an uncursed worthless piece of red glass C - an uncursed worthless piece of violet glass b - an uncursed worthless piece of yellowish brown glass Spontiff the Healer's attributes: Background: You were a Rhizotomist, a level 1 male gnomish Healer. You were neutral, on a mission for Hermes who was opposed by Athena (lawful) and Poseidon (chaotic). You were in the Gnomish Mines, on level 5. You entered the dungeon 4212 turns ago. You had 0 experience points, 20 were needed to attain level 2. Your score was 726 before end-of-game adjustments. Basics: You had 0 out of 48 hit points. You had 4 out of 6 energy points (spell power). Your armor class was 4. Your wallet contained 2403 zorkmids. Autopickup was on for '$!/="?' plus thrown, with exceptions. Final Characteristics: Your strength was 10 (limit:18/50). Your dexterity was 9 (limit:18). Your constitution was 14 (limit:18). Your intelligence was 11 (limit:19). Your wisdom was 15 (limit:18). Your charisma was 17 (limit:18). Final Status: You were not hungry. You were unencumbered. You were empty handed. You were unskilled in bare handed combat. Final Attributes: You were devoutly aligned. You were poison resistant. You had infravision. You could jump. You were warded. You are dead. Miscellaneous: You never encountered a bones level. Total elapsed playing time was 1 hour, 36 minutes and 21 seconds. Major events: Turn 1: spontiff the neutral male gnomish Healer entered the dungeon 2359: entered the Gnomish Mines 3879: reached Mine Town 4212: zapped himself with a wand of striking Vanquished creatures: 2 shriekers 2 gnome leaders 3 dwarves a dwarf zombie 2 coyotes 3 hobbits a large kobold a cave spider 2 green molds 2 red molds 9 gnomes a gnome zombie 3 geckos 13 jackals 2 foxes 4 kobolds 5 goblins 4 sewer rats 7 grid bugs 7 lichens 12 newts 86 creatures vanquished. No species were genocided or became extinct. Voluntary challenges: You never hit with a wielded weapon. You were a pacifist. You read items or engraved 1 time. You never engraved Elbereth. You never genocided any monsters. You never polymorphed an object. You never changed form. You used no wishes. Achievements: You entered a shop. You entered the Gnomish Mines. You entered Minetown. The Dungeons of Doom: levels 1 to 3 Level 1: "Stashlet" A grave. Level 2: A general store, a fountain. Stairs down to The Gnomish Mines. Level 3: The Gnomish Mines: levels 3 to 7 Level 3: Level 4: Level 5: <- You were here. Final resting place for you, zapped yourself with a wand of striking. Level 6: An altar. Level 7: Game over: ---------- / \ / REST \ / IN \ / PEACE \ / \ | spontiff | | 2403 Au | | zapped himself | | with a wand of | | striking | | | | 2023 | *| * * * | * _________)/\\_//(\/(/\)/\//\/|_)_______ Goodbye spontiff the Healer... You died in The Gnomish Mines on dungeon level 5 with 684 points, and 2403 pieces of gold, after 4212 moves. You were level 1 with a maximum of 48 hit points when you died.